PCL
SANTA MONICA BRUINS @ SAN JOSE MISSIONS
04/10/2028
 
TOP OF THE 1ST
Santa Monica Bruins batting - Pitching for San Jose Missions : LHP Esteban Peña
Pitching: LHP Esteban Peña
Batting: RHB António López 0-0: Ball
1-0: Swinging Strike
1-1: Swinging Strike
1-2: Foul Ball, location: 2F
1-2: Strikes out swinging
Batting: RHB Luis Martínez 0-0: Called Strike
0-1: Swinging Strike
0-2: Ball
1-2: Strikes out swinging
Batting: RHB Johnny Williams 0-0: Called Strike
0-1: Ball
1-1: Swinging Strike
1-2: Foul Ball, location: 2F
1-2: Fly out, F9 (Flyball, 9D)
Top of the 1st over - 0 run(s), 0 hit(s), 0 error(s), 0 left on base; Santa Monica 0 - San Jose 0
BOTTOM OF THE 1ST
San Jose Missions batting - Pitching for Santa Monica Bruins : LHP Andrew Caine
Pitching: LHP Andrew Caine
Batting: RHB Jorge Fuentes 0-0: Ball
1-0: Ball
2-0: Called Strike
2-1: Ball
3-1: Called Strike
3-2: Ground out 4-3 (Groundball, 4)
Batting: RHB Jorge Díaz 0-0: Ball
1-0: Called Strike
1-1: Foul Ball, location: 2F
1-2: Foul Ball, location: 2F
1-2: Strikes out swinging
Batting: RHB Chang-geun Kim 0-0: Ball
1-0: Ball
2-0: Foul Ball, location: 2F
2-1: Foul Ball, location: 2F
2-2: Strikes out looking
Bottom of the 1st over - 0 run(s), 0 hit(s), 0 error(s), 0 left on base; Santa Monica 0 - San Jose 0
TOP OF THE 2ND
Santa Monica Bruins batting - Pitching for San Jose Missions : LHP Esteban Peña
Batting: SHB Chris Woods 0-0: Ball
1-0: Ball
2-0: Ball
3-0: Called Strike
3-1: Foul Ball, location: 2F
3-2: Base on Balls
Batting: RHB Francisco Castillo 0-0: Fielders Choice at 2nd, 4-6 (Groundball, 34)
Batting: LHB Morgan Wright 0-0: Swinging Strike
0-1: Called Strike
0-2: Grounds into double play, 4-6-3 (Groundball, 4)
Top of the 2nd over - 0 run(s), 0 hit(s), 0 error(s), 0 left on base; Santa Monica 0 - San Jose 0
BOTTOM OF THE 2ND
San Jose Missions batting - Pitching for Santa Monica Bruins : LHP Andrew Caine
Batting: RHB Naomichi Aoki 0-0: Ball
1-0: Ball
2-0: Ball
3-0: Called Strike
3-1: Swinging Strike
3-2: Base on Balls
Batting: RHB Irwin Duncan 0-0: Ball
1-0: 2-RUN HOME RUN (Flyball, 78XD), Distance : 433 ft
Batting: RHB Ed Starr 0-0: Foul Ball, location: 2F
0-1: Foul Ball, location: 2F
0-2: Ball
1-2: Ball
2-2: Ground out 6-3 (Groundball, 6)
Batting: RHB Culley Douglas 0-0: Swinging Strike
0-1: Foul Ball, location: 2F
0-2: Foul Ball, location: 2F
0-2: Ball
1-2: Ball
2-2: Strikes out swinging
Batting: RHB José Sánchez 0-0: Called Strike
0-1: Ground out 5-3 (Groundball, 56)
Bottom of the 2nd over - 2 run(s), 1 hit(s), 0 error(s), 0 left on base; Santa Monica 0 - San Jose 2
TOP OF THE 3RD
Santa Monica Bruins batting - Pitching for San Jose Missions : LHP Esteban Peña
Batting: RHB Gilberto Guzmán 0-0: Called Strike
0-1: Ball
1-1: Ball
2-1: Foul Ball, location: 2F
2-2: Foul Ball, location: 2F
2-2: Ball
3-2: Foul Ball, location: 2F
3-2: Foul Ball, location: 2F
3-2: Fly out, F1 (Line Drive, 13S)
Batting: LHB Ramiro Martínez 0-0: SINGLE (Groundball, 34D)
Batting: LHB Francisco Medina 0-0: Ball
1-0: Fly out, F4 (Popup, 34D)
Batting: RHB António López 0-0: Called Strike
0-1: Called Strike
0-2: Strikes out swinging
Top of the 3rd over - 0 run(s), 1 hit(s), 0 error(s), 1 left on base; Santa Monica 0 - San Jose 2
BOTTOM OF THE 3RD
San Jose Missions batting - Pitching for Santa Monica Bruins : LHP Andrew Caine
Batting: LHB Wilson Vecino 0-0: Ground out U3 (Groundball, 3S)
Batting: RHB Jorge Fuentes 0-0: Ball
1-0: Foul Ball, location: 2F
1-1: Foul Ball, location: 2F
1-2: Strikes out swinging
Batting: RHB Jorge Díaz 0-0: Ball
1-0: Ball
2-0: Swinging Strike
2-1: Ball
3-1: Swinging Strike
3-2: Foul Ball, location: 2F
3-2: Strikes out swinging
Bottom of the 3rd over - 0 run(s), 0 hit(s), 0 error(s), 0 left on base; Santa Monica 0 - San Jose 2
TOP OF THE 4TH
Santa Monica Bruins batting - Pitching for San Jose Missions : LHP Esteban Peña
Batting: RHB Luis Martínez 0-0: Ball
1-0: SINGLE (Flyball, 9S)
Batting: RHB Johnny Williams 0-0: Ball
1-0: Called Strike
1-1: Ball
2-1: Fly out, F8 (Flyball, 89M)
Batting: SHB Chris Woods 0-0: Foul Ball, location: 2F
0-1: SINGLE (Groundball, 6MD)
Luis Martínez to second
Batting: RHB Francisco Castillo 0-0: SINGLE (Groundball, 4MD)
Luis Martínez to third
Chris Woods to second
Batting: LHB Morgan Wright 0-0: Called Strike
0-1: Ball
1-1: Fly out, F7 (Line Drive, 7D)
Runner from 3rd tags up, SCORES, no throw
Batting: RHB Gilberto Guzmán 0-0: Called Strike
0-1: Ball
1-1: Foul Ball, location: 2F
1-2: Fly out, F2 (Popup, 13S)
Top of the 4th over - 1 run(s), 3 hit(s), 0 error(s), 2 left on base; Santa Monica 1 - San Jose 2
BOTTOM OF THE 4TH
San Jose Missions batting - Pitching for Santa Monica Bruins : LHP Andrew Caine
Batting: RHB Chang-geun Kim 0-0: Ball
1-0: Fly out, F9 (Flyball, 9LS)
Batting: RHB Naomichi Aoki 0-0: Ball
1-0: Ball
2-0: Ball
3-0: Base on Balls
Batting: RHB Irwin Duncan 0-0: Swinging Strike
0-1: Swinging Strike
0-2: Ball
1-2: Foul Ball, location: 2F
1-2: Strikes out swinging
Batting: RHB Ed Starr 0-0: Called Strike
0-1: Fielders Choice at 2nd, 6-4 (Groundball, 6)
Bottom of the 4th over - 0 run(s), 0 hit(s), 0 error(s), 0 left on base; Santa Monica 1 - San Jose 2
TOP OF THE 5TH
Santa Monica Bruins batting - Pitching for San Jose Missions : LHP Esteban Peña
Batting: LHB Ramiro Martínez 0-0: Called Strike
0-1: Swinging Strike
0-2: Foul Ball, location: 2F
0-2: Ball
1-2: Ball
2-2: Ball
3-2: SINGLE (Groundball, 4MD)
Batting: LHB Francisco Medina 0-0: Called Strike
0-1: Swinging Strike
0-2: Ball
Wild Pitch!
Ramiro Martínez to second
1-2: Foul Ball, location: 2F
1-2: Strikes out swinging
Batting: RHB António López 0-0: Ground out 5-3 (Groundball, 56)
Batting: RHB Luis Martínez 0-0: Called Strike
0-1: Called Strike
0-2: Ball
1-2: Fly out, F8 (Flyball, 8RM)
Top of the 5th over - 0 run(s), 1 hit(s), 0 error(s), 1 left on base; Santa Monica 1 - San Jose 2
BOTTOM OF THE 5TH
San Jose Missions batting - Pitching for Santa Monica Bruins : LHP Andrew Caine
Batting: RHB Culley Douglas 0-0: Ball
1-0: Called Strike
1-1: Swinging Strike
1-2: Strikes out swinging
Batting: RHB José Sánchez 0-0: Ball
1-0: Ball
2-0: Ball
3-0: Called Strike
3-1: Called Strike
3-2: SINGLE (Flyball, 78S)
Batting: LHB Wilson Vecino 0-0: Ball
1-0: Swinging Strike
1-1: 2-RUN HOME RUN (Flyball, 89D), Distance : 407 ft
Pitching: LHP Don Sutherland
Batting: RHB Jorge Fuentes 0-0: Ground out 4-3 (Groundball, 34)
Batting: RHB Jorge Díaz 0-0: Called Strike
0-1: Foul Ball, location: 2F
0-2: Ball
1-2: Foul Ball, location: 2F
1-2: Strikes out swinging
Bottom of the 5th over - 2 run(s), 2 hit(s), 0 error(s), 0 left on base; Santa Monica 1 - San Jose 4
TOP OF THE 6TH
Santa Monica Bruins batting - Pitching for San Jose Missions : LHP Esteban Peña
Batting: RHB Johnny Williams 0-0: Ball
1-0: Ball
2-0: Foul Ball, location: 2F
2-1: Swinging Strike
2-2: Foul Ball, location: 2F
2-2: Ball
3-2: Strikes out swinging
Batting: SHB Chris Woods 0-0: Called Strike
0-1: Called Strike
0-2: Strikes out swinging, 2-3 out at first.
Batting: RHB Francisco Castillo 0-0: Swinging Strike
0-1: Foul Ball, location: 2F
0-2: Ball
1-2: Ball
2-2: Strikes out swinging
Top of the 6th over - 0 run(s), 0 hit(s), 0 error(s), 0 left on base; Santa Monica 1 - San Jose 4
BOTTOM OF THE 6TH
San Jose Missions batting - Pitching for Santa Monica Bruins : LHP Don Sutherland
Batting: RHB Chang-geun Kim 0-0: Ball
1-0: DOUBLE (Flyball, 89XD)
Batting: RHB Naomichi Aoki 0-0: Ball
1-0: Swinging Strike
1-1: Ball
2-1: Fly out, F8 (Flyball, 8RS)
Batting: RHB Irwin Duncan 0-0: Called Strike
0-1: Fly out, F4 (Line Drive, 4)
Batting: RHB Ed Starr 0-0: Intentional Walk
Batting: RHB Culley Douglas 0-0: Ball
1-0: Called Strike
1-1: Fielders Choice at 2nd, 6-4 (Groundball, 6)
Bottom of the 6th over - 0 run(s), 1 hit(s), 0 error(s), 1 left on base; Santa Monica 1 - San Jose 4
TOP OF THE 7TH
Santa Monica Bruins batting - Pitching for San Jose Missions : LHP Esteban Peña
Batting: LHB Morgan Wright 0-0: Ground out 4-3 (Groundball, 4M)
Batting: RHB Gilberto Guzmán 0-0: Called Strike
0-1: DOUBLE (Flyball, 8LD)
Batting: LHB Ramiro Martínez 0-0: Ball
1-0: Called Strike
1-1: Ball
2-1: Foul Ball, location: 2F
2-2: Strikes out swinging
Batting: LHB Francisco Medina 0-0: Ground out 4-3 (Groundball, 34)
Top of the 7th over - 0 run(s), 1 hit(s), 0 error(s), 1 left on base; Santa Monica 1 - San Jose 4
BOTTOM OF THE 7TH
San Jose Missions batting - Pitching for Santa Monica Bruins : LHP Don Sutherland
Batting: RHB José Sánchez 0-0: Foul Ball, location: 2F
0-1: Ball
1-1: SINGLE (Flyball, 9S)
Batting: LHB Wilson Vecino 0-0: Ball
1-0: Ball
2-0: Called Strike
2-1: Swinging Strike
2-2: Ball
3-2: Base on Balls
José Sánchez to second
Batting: RHB Jorge Fuentes 0-0: Swinging Strike
0-1: Swinging Strike
0-2: Strikes out looking
Batting: RHB Jorge Díaz 0-0: Ball
1-0: Grounds into double play, 4-6-3 (Groundball, 4)
Bottom of the 7th over - 0 run(s), 1 hit(s), 0 error(s), 1 left on base; Santa Monica 1 - San Jose 4
TOP OF THE 8TH
Santa Monica Bruins batting - Pitching for San Jose Missions : LHP Esteban Peña
Batting: RHB António López 0-0: Ball
1-0: Called Strike
1-1: Ball
2-1: Ball
3-1: Called Strike
3-2: Fly out, F9 (Flyball, 9LM)
Pitching: RHP Luis Ortíz
Batting: RHB Luis Martínez 0-0: Ball
1-0: Ground out U3 (Groundball, 34)
Batting: RHB Johnny Williams 0-0: Foul Ball, location: 2F
0-1: Foul Ball, location: 2F
0-2: Ball
1-2: Foul Ball, location: 2F
1-2: SINGLE (Line Drive, 4MD)
Batting: SHB Chris Woods 0-0: Called Strike
0-1: Ball
1-1: Ball
2-1: Foul Ball, location: 2F
2-2: Ball
3-2: Strikes out swinging
Top of the 8th over - 0 run(s), 1 hit(s), 0 error(s), 1 left on base; Santa Monica 1 - San Jose 4
BOTTOM OF THE 8TH
San Jose Missions batting - Pitching for Santa Monica Bruins : LHP Don Sutherland
Batting: RHB Chang-geun Kim 0-0: Ball
1-0: Called Strike
1-1: Foul Ball, location: 2F
1-2: Foul Ball, location: 2F
1-2: Strikes out swinging
Batting: RHB Naomichi Aoki 0-0: Fly out, F8 (Flyball, 78D)
Batting: RHB Irwin Duncan 0-0: Ball
1-0: Ball
2-0: Ball
3-0: Called Strike
3-1: Foul Ball, location: 2F
3-2: SINGLE (Groundball, 34D)
Batting: RHB Ed Starr 0-0: Called Strike
0-1: Ball
1-1: Ball
2-1: Foul Ball, location: 2F
2-2: Foul Ball, location: 2F
2-2: Foul Ball, location: 2F
2-2: Reached on error, E6 (Groundball, 6)
Irwin Duncan to second
Batting: RHB Culley Douglas 0-0: Ball
1-0: Swinging Strike
1-1: Foul Ball, location: 2F
1-2: Ball
2-2: Foul Ball, location: 2F
2-2: Ball
3-2: Ground out 6-3 (Groundball, 6)
Bottom of the 8th over - 0 run(s), 1 hit(s), 1 error(s), 2 left on base; Santa Monica 1 - San Jose 4
TOP OF THE 9TH
Santa Monica Bruins batting - Pitching for San Jose Missions : RHP Luis Ortíz
Pitching: RHP Paul Lewis
Batting: RHB Francisco Castillo 0-0: Foul Ball, location: 2F
0-1: Ball
1-1: Swinging Strike
1-2: Strikes out looking
Batting: LHB Morgan Wright 0-0: Called Strike
0-1: Ball
1-1: Ball
2-1: Called Strike
2-2: Strikes out swinging
Batting: RHB Gilberto Guzmán 0-0: Called Strike
0-1: Called Strike
0-2: SINGLE (Line Drive, 6MD)
Batting: LHB Ramiro Martínez 0-0: Ball
1-0: Ball
2-0: Foul Ball, location: 2F
2-1: Ball
3-1: Foul Ball, location: 2F
3-2: Base on Balls
Gilberto Guzmán to second
Batting: LHB Francisco Medina 0-0: Called Strike
0-1: Foul Ball, location: 2F
0-2: Strikes out swinging
Top of the 9th over - 0 run(s), 1 hit(s), 0 error(s), 2 left on base; Santa Monica 1 - San Jose 4
Tuesday, August 8th, 2017 - OOTP Baseball 17.12 Build 75